 Dungeon Crawl Stone Soup version 0.20.0-6-gd3061e9 (webtiles) character file.

121 ghjk the Chopper (level 4, -7/40 HPs)
             Began as a Minotaur Fighter on May 28, 2017.
             Mangled by a wyvern skeleton (12 damage)
             ... on level 3 of the Dungeon.
             The game lasted 00:02:05 (1250 turns).

ghjk the Chopper (Minotaur Fighter)                 Turns: 1250, Time: 00:02:06

Health: -7/40      AC:  8    Str: 21    XL:     4   Next: 77%
Magic:  3/3        EV:  7    Int:  5    God:
Gold:   98         SH:  9    Dex: 10    Spells: 3/3 levels left

rFire    . . .     SeeInvis .   a - +0 war axe
rCold    . . .     Gourm    .   c - +0 shield
rNeg     . . .     Faith    .   b - +0 scale mail
rPois    .         Spirit   .   (helmet restricted)
rElec    .         Reflect  .   (no cloak)
rCorr    .         Harm     .   p - +0 pair of gloves
MR       .....                  (no boots)
Stlth    ..........             (no amulet)
Regen    0.2/turn               (no ring)
MPRegen  0.1/turn               (no ring)

@: lethally poisoned (-7 -> -23)
A: retaliatory headbutt, horns 2
a: no special abilities


You were on level 3 of the Dungeon.
You were not hungry.

You visited 1 branch of the dungeon, and saw 3 of its levels.

You collected 98 gold pieces.

Inventory:

Hand Weapons
 a - a +0 war axe (weapon)
 i - a +1 mace of crushing
Armour
 b - a +0 scale mail (worn)
 c - a +0 shield (worn)
 p - a +0 pair of gloves (worn)
Jewellery
 j - an uncursed ring of ice
Scrolls
 e - 2 scrolls of identify
 n - 3 scrolls of fog
 q - a scroll of fear {unknown}
 r - a scroll of remove curse {unknown}
Potions
 d - a potion of might
 g - a potion of brilliance
 h - 2 potions of haste
 k - 2 potions of heal wounds
 m - a potion of mutation
 o - a potion of curing
 t - a potion of lignification {unknown}
Comestibles
 f - 2 bread rations
 l - a meat ration
 s - a chunk of flesh


   Skills:
 + Level 4.0 Fighting
 * Level 5.0 Axes
 + Level 4.0 Armour
 + Level 0.2 Dodging
 + Level 4.2 Shields


You had 3 spell levels left.
You didn't know any spells.

Dungeon Overview and Level Annotations

Branches:
Dungeon (3/15)

Altars:
Ashenzari


Innate Abilities, Weirdness & Mutations

You reflexively headbutt those who attack you in melee.
You have a pair of horns on your head.


Message History

n - 3 scrolls of fog (gained 1)
Found a stone staircase leading down.
A goblin comes into view. It is wielding a dagger of venom.
The goblin shouts!
A wyvern skeleton comes into view.
The goblin hits you but does no damage.
You are poisoned.
You closely miss the goblin.
You feel sick. You block the goblin's attack. The wyvern skeleton bites you!
You are too injured to fight recklessly!
You are too injured to fight recklessly!
Unknown command.
You hit the wyvern skeleton. You headbutt the wyvern skeleton!
The wyvern skeleton is heavily damaged.
You closely miss the goblin.
You feel sick. The wyvern skeleton bites you!
* * * LOW HITPOINT WARNING * * *
The goblin hits you but does no damage.
You are more poisoned.
The wyvern skeleton bites you!
You die...

.
##.......####..
#..
#..#......PP.
#.(
#..#.........
#. .
#.......#+##. #
..##.#.....#
........)..#
..##.......#
#.......##
#...#.@[..P#
...#...gZ...#
.#.....#...P#
..>..## ....#
..... ....#
#.##. #...# ..
.... ..###


You could see a goblin and a wyvern skeleton.

Vanquished Creatures
  A scorpion (D:3)
  An adder (D:2)
  A worm (D:2)
  A dart slug (D:3)
  2 leopard geckos (D:2)
  An orc (D:3)
  5 bats
  3 giant cockroaches
  2 goblins
  5 hobgoblins
  10 jackals
  10 kobolds
  6 frilled lizards (D:1)
  4 rats (D:1)
52 creatures vanquished.

Notes
Turn   | Place    | Note
-------+----------+-------------------------------------------
     0 | D:1      | ghjk the Minotaur Fighter began the quest for the Orb.
     0 | D:1      | Reached XP level 1. HP: 19/19 MP: 0/0
   149 | D:1      | Reached XP level 2. HP: 24/27 MP: 1/1
   305 | D:1      | Reached skill level 3 in Axes
   395 | D:1      | Reached XP level 3. HP: 27/33 MP: 2/2
   914 | D:2      | Reached skill level 4 in Axes
  1147 | D:3      | Found a shattered altar of Ashenzari.
  1171 | D:3      | Noticed a scorpion
  1173 | D:3      | Reached XP level 4. HP: 38/40 MP: 3/3
  1180 | D:3      | Reached skill level 5 in Axes
  1250 | D:3      | Mangled by a wyvern skeleton

Skill      XL: |  1  2  3  4 |
---------------+-------------+-----
Shields        | 4 |  4.2
Axes           | 3 4 5 |  5.0
Fighting       | 4 |  4.0
Armour         | 4 |  4.0
Dodging        | |  0.2

Action                   |  1- 3 |  4- 6 || total
-------------------------+-------+-------++-------
Melee: War axe           |    97 |    18 ||   115
       Headbutt          |     9 |     6 ||    15
  Use: Scroll            |     8 |       ||     8
  Eat: Chunk             |       |     1 ||     1
Armor: Scale mail        |    67 |     5 ||    72
Dodge: Dodged            |    38 |     3 ||    41
Block: Shield            |    60 |     9 ||    69
